 Dungeon Crawl Stone Soup version 0.30-a0-622-gddc90eaa04 (webtiles) character file.

Game seed: 6201051883423436333

139234 brightshaft the Executioner (level 16, -18/223 HPs)
             Began as a Minotaur Berserker on Jan 11, 2023.
             Was a High Priest of Trog.
             Demolished by Asterion
             ... wielding a +0 demon whip of pain
              (23 damage)
             ... on level 3 of the Spider Nest.
             The game lasted 01:04:58 (24664 turns).

brightshaft the Executioner (Minotaur Berserker)   Turns: 24664, Time: 01:04:59

Health: -18/223    AC: 24    Str: 34    XL:     16   Next: 73%
Magic:  0/15       EV: 13    Int:  6    God:    Trog [*****.]
Gold:   2578       SH: 10    Dex: 18    Spells: 15/15 levels left

rFire   . . .      SeeInvis +    z - +7 broad axe (freeze)
rCold   . . .      Faith    .    i - +0 kite shield {reflect}
rNeg    + . .      Spirit   .    a - +0 crystal plate armour
rPois   +          Reflect  +    (helmet restricted)
rElec   .          Harm     .    v - +2 cloak {rPois}
rCorr   .          Rampage  .    Y - +1 pair of gloves {infuse}
Will    +....                    c - +1 pair of boots Stlth
                                 X - amulet of the acrobat
HPRegen 0.57/turn                g - +6 ring of dexterity
MPRegen 0.14/turn                T - ring "Soxt" {*Corrode rPois rN+ Str+8 SInv}

@: berserking, marked, corroded, very quick
A: horns 2, retaliatory headbutt
a: Renounce Religion, Berserk, Trog's Hand, Brothers in Arms


You were on level 3 of the Spider Nest.
You worshipped Trog.
Trog was extremely pleased with you.
You visited 4 branches of the dungeon, and saw 24 of its levels.
You also visited: Sewer and Ice Cave.

You collected 3709 gold pieces.
You spent 1131 gold pieces at shops.

Inventory:

Hand Weapons
 b - the +8 frozen axe "Frostbite" {freeze, freezing cloud, *Noise Fly rC+}
   (You found it in an ice cave)

   It occasionally leaves clouds of freezing vapour upon striking a foe.
   It grants immunity to clouds of freezing vapour.
   rC:        It protects you from cold.
   Fly:       It grants you flight.
   *Noise:    It may make noises in combat.
 z - a +7 broad axe of freezing (weapon)
 N - a +3 antimagic executioner's axe
Missiles
 D - 3 throwing nets (quivered)
 H - 12 curare-tipped darts
 I - 5 silver boomerangs
Armour
 a - a +0 crystal plate armour (worn)
 c - a +1 pair of boots (worn)
 i - a +0 kite shield of reflection (worn)
 p - a +3 chain mail of poison resistance
 v - a +2 cloak of poison resistance (worn)
 y - a +0 cloak
 B - a scarf of resistance
 O - a +3 plate armour of cold resistance
 Y - a +1 pair of gloves of infusion (worn)
Jewellery
 e - a ring of protection from cold
 g - a +6 ring of dexterity (left hand)
 C - an amulet of regeneration
 P - an amulet of guardian spirit
 T - the ring "Soxt" (right hand) {*Corrode rPois rN+ Str+8 SInv}
   (You found it on level 3 of the Spider Nest)

   [ring of see invisible]

   Str:       It affects your strength (+8).
   rPois:     It protects you from poison.
   rN:        It protects you from negative energy.
   SInv:      It lets you see invisible.
   *Corrode:  It may corrode you when you take damage.
 V - a ring of positive energy
 X - an amulet of the acrobat (around neck)
Wands
 o - a wand of roots (37)
 s - a wand of paralysis (8)
 w - a wand of polymorph (22)
 E - a wand of light (24)
 J - a wand of digging (14)
 M - a wand of mindburst (16) {@v3}
 W - a wand of flame (14) {@v2}
Scrolls
 f - 3 scrolls of immolation
 h - 5 scrolls of blinking
 k - 18 scrolls of teleportation {@r4}
 n - a scroll of silence
 K - 6 scrolls of identify {@r1}
 Q - 4 scrolls of magic mapping
 S - 3 scrolls of fog
 U - 2 scrolls of torment
Potions
 d - 9 potions of lignification
 j - 7 potions of curing {@q1}
 l - 7 potions of might
 m - 6 potions of ambrosia
 q - 8 potions of heal wounds {@q2}
 r - 3 potions of magic
 t - 2 potions of resistance
 u - 3 potions of cancellation
 x - 2 potions of haste {@q3}
 A - 3 potions of mutation
 F - 2 potions of invisibility
 L - a potion of experience {unknown}
 R - a potion of flight
Miscellaneous
 G - a lightning rod (4/4)


   Skills:
 + Level 15.5 Fighting
 - Level 24.0 Axes
 + Level 15.2 Armour
 + Level 14.1 Dodging
 + Level 4.9 Shields
 + Level 5.2 Evocations


You had 15 spell levels left.
You didn't know any spells.
Your spell library was empty.

Dungeon Overview and Level Annotations

Branches:
Dungeon (14/15)            Temple (0/1) D:6            Lair (5/5) D:8
 Shoals (0/4) Lair:3       Spider (3/4) Lair:2        Slime (0/5) Lair:4
    Orc (2/2) D:12            Elf (0/3) Orc:2        Vaults (0/5) D:14
  Sewer (visited)           IceCv (visited)

Altars:
Ashenzari
Dithmenos
Elyvilon
Gozag
Kikubaaqudgha
Makhleb
Nemelex Xobeh
Okawaru
Sif Muna
Xom
Jiyva

Shops:
D:1 (   D:7 *=?!   D:10 *   D:14 [   Orc:2 [(((

Annotations:
D:6 1 runed translucent door, exclusion: oklob sapling
D:13 4 transporters
Spider:3 Asterion


Innate Abilities, Weirdness & Mutations

You have a pair of horns on your head.
You reflexively headbutt those who attack you in melee.


Message History

You block the demonic crawler's attack.
You hit Asterion. You freeze Asterion. Asterion blocks your attack.
Asterion is moderately wounded.
You slash the demonic crawler! You freeze the demonic crawler.
Asterion is engulfed in freezing vapours.
You block Asterion's attack. Asterion gores you but does no damage.
You block the demonic crawler's attack.
The demonic crawler hits you but does no damage. x2
Asterion blocks your attack. x2
Asterion is moderately wounded.
You barely miss the spark wasp.
You hit the demonic crawler but do no damage.
A redback comes into view.
Asterion is engulfed in freezing vapours.
Asterion hits you but does no damage.
You writhe in agony.
* * * LOW HITPOINT WARNING * * *
You block Asterion's attack. The spark wasp closely misses you.
The orb spider pulsates with a strange energy.
You slice Asterion!! You freeze Asterion!
Asterion is heavily wounded.
You slice the spark wasp!! You freeze the spark wasp.
You barely miss the demonic crawler. You block the demonic crawler's attack.
The demonic crawler hits you.
* * * LOW HITPOINT WARNING * * *
You block the demonic crawler's attack.
Asterion is engulfed in freezing vapours.
Asterion hits you but does no damage.
You writhe in agony.
* * * LOW HITPOINT WARNING * * *
Asterion gores you but does no damage. Asterion blocks your attack.
Asterion is heavily wounded.
You barely miss the spark wasp. You hit the demonic crawler.
You freeze the demonic crawler. You block the spark wasp's attack.
A jumping spider comes into view.
The demonic crawler closely misses you. The demonic crawler hits you.
* * * LOW HITPOINT WARNING * * *
The demonic crawler hits you!
* * * LOW HITPOINT WARNING * * *
Asterion hits you with a +0 demon whip of pain!!
You die...

#.≈.......#.##≈~# ..
##....^.......... ..#
####...#..##......^.
...##..#.##.........#...
#.......##.......^.^....
#......##~##^...^~#....
#........~#...:#.....
##.y°†....##.#.#.....
#..~~#@H..#..#..^....#.
..^...s†○..#..........##
##....#..s.#..........##
#.#.>##.s...#.##....≈~.
..... ###.s.#......~#..
.... #..s^...... #..
.... ~.... ...##.. ....
~#s. #.... . ##...


You could see Asterion (fast, soul bound), a spark wasp, a demonic crawler, a
wolf spider, an orb spider (soul bound, charged), a jumping spider and 2
redbacks.

Vanquished Creatures
  Nikola (Spider:1)
  Arachne (Spider:2)
  Jorgrun (Spider:1)
  A sphinx (D:14)
  Kirke (Lair:4)
  Donald (Spider:1)
  The ghost of bmack86 the Severer, a journeyman MiFi of Okawaru (Orc:2)
  A ghost moth (Spider:2)
  A broodmother (Spider:2)
  A reaper (IceCv)
  Nessos (Lair:5)
  Azrael (D:14)
  A spark wasp (Spider:2)
  Snorg (Lair:5)
  Josephine (Orc:1)
  3 vault guards (D:14)
  3 entropy weavers
  3 fire dragons
  7 hydras
  2 jorogumos
  A radroach (Spider:1)
  A boulder beetle (D:14)
  2 catoblepae
  7 centaur warriors
  A death knight (D:14)
  2 two-headed ogres (D:13)
  4 death yaks (Lair:3)
  A death scarab (Spider:3)
  4 orc high priests (Orc:2)
  Nergalle (Lair:1)
  A sun moth (Spider:2)
  4 pharaoh ants
  A swamp dragon (Lair:5)
  3 orb spiders
  A phantasmal warrior (D:14)
  Pikel (D:4)
  5 steelbarb worms
  3 orc sorcerers (Orc:2)
  5 deep elf pyromancers
  A lindwurm (Lair:5)
  5 orc knights
  11 wolf spiders
  4 ugly things
  A cyclops (D:10)
  10 elephants
  3 manticores
  3 moths of wrath
  2 ice statues (IceCv)
  6 slime creatures
  10 torpor snails
  7 demonic crawlers
  3 unseen horrors
  6 black mambas
  Maggie (D:6)
  13 cane toads
  An efreet (D:13)
  5 rime drakes
  6 komodo dragons
  6 ice devils (IceCv)
  An anaconda simulacrum (IceCv)
  6 meliai
  8 trolls
  A queen bee (D:12)
  A wind drake (Lair:3)
  8 hornets
  6 blink frogs (Lair:3)
  2 polar bears (Lair:3)
  11 tarantellas
  Grinder (D:3)
  4 tyrant leeches (Lair:5)
  2 shadows
  7 dream sheep (Lair:5)
  Sigmund (D:6)
  9 culicivoras
  18 jumping spiders
  A vampire (D:7)
  10 wraiths
  2 dire elephant simulacra (IceCv)
  36 yaks
  2 basilisks
  3 fire bats
  3 spriggans (Lair:4)
  10 wyverns
  2 steam dragons
  Grum (D:8)
  3 fire elementals (D:14)
  2 hogs (Lair:4)
  A death yak simulacrum (IceCv)
  18 redbacks
  18 vampire mosquitoes
  Edmund (D:6)
  3 wargs (Orc:2)
  3 acid dragons
  20 water moccasins
  5 hell hounds (D:14)
  Duvessa (D:6)
  A black bear (Lair:2)
  2 ice beasts
  A swamp drake (Lair:5)
  6 ogres
  32 orc warriors
  12 wolves
  17 centaurs
  A lemure (D:4)
  12 bullfrogs
  2 kobold brigands (D:10)
  4 necrophages
  6 scorpions
  3 gnoll sergeants
  3 two-headed ogre simulacra (IceCv)
  3 cane toad simulacra (IceCv)
  9 wights
  Dowan (D:6)
  22 killer bees
  6 howler monkeys
  2 electric eels
  A lava snake (Lair:4)
  A crimson imp (D:4)
  7 jellies
  6 hounds
  Crazy Yiuf (D:3)
  21 orc priests
  5 iguanas
  Ijyb (D:4)
  Jessica (D:3)
  2 gnoll boudas (D:6)
  Natasha (thrice) (D:3)
  8 hell rats (D:14)
  24 orc wizards
  2 polar bear simulacra (IceCv)
  A mummy (D:8)
  Robin (D:3)
  A naga simulacrum (IceCv)
  10 adders
  23 gnolls
  A river rat (D:4)
  4 white imps
  5 ufetubi (IceCv)
  2 worms (D:2)
  6 dart slugs
  72 orcs
  13 endoplasms
  16 giant cockroaches
  6 hobgoblins
  5 jackals
  18 quokkas
  20 ball pythons
  7 bats
  12 frilled lizards
  20 goblins
  A hobgoblin zombie (D:8)
  7 kobolds
  2 kobold zombies (D:8)
  An orc zombie (D:8)
  8 rats
  A butterfly (D:6)
  A plant (Lair:5)
908 creatures vanquished.

Vanquished Creatures (collateral kills)
  Rupert (Lair:4)
  A tengu reaver (D:14)
  An orc warlord (Orc:2)
  A minotaur (Orc:2)
  A vault guard (D:14)
  A death yak (Lair:3)
  A lindwurm (Lair:4)
  2 orc knights (Orc:2)
  2 orc sorcerers (Orc:2)
  3 rime drakes (D:14)
  A wyvern (D:14)
  A basilisk (D:14)
  A fire bat (Lair:4)
  A death yak simulacrum (Lair:4)
  A swamp drake (Lair:5)
  4 orc warriors (Orc:2)
  An elephant simulacrum (Lair:4)
  An iguana (Lair:5)
  2 orc wizards (Orc:2)
  A polar bear simulacrum (Lair:4)
  4 hell rats (D:14)
  A wolf simulacrum (Lair:4)
  4 orcs (Orc:2)
37 creatures vanquished.

Vanquished Creatures (others)
  A frost giant (D:14)
  A gnoll (D:6)
  2 orcs
  A bush (D:8)
  27 fungi
  101 plants
133 creatures vanquished.

Grand Total: 1078 creatures vanquished

Notes
Turn   | Place    | Note
-------+----------+-------------------------------------------
     0 | D:1      | brightshaft the Minotaur Berserker began the quest for the
                  | Orb.
     0 | D:1      | Reached XP level 1. HP: 19/19 MP: 0/0
   157 | D:1      | Reached XP level 2. HP: 27/27 MP: 1/1
   196 | D:1      | Reached skill level 4 in Axes
   559 | D:1      | Reached ** piety under Trog
   726 | D:1      | Found Wurphiso's Weapon Shop.
   888 | D:2      | Reached XP level 3. HP: 33/33 MP: 2/2
  1245 | D:2      | Found a faded altar of an unknown god.
  1251 | D:2      | Reached XP level 4. HP: 40/40 MP: 3/3
  1553 | D:2      | Reached skill level 5 in Axes
  1701 | D:3      | Found a large runed translucent door.
  1702 | D:3      | Found a large runed translucent door.
  1742 | D:3      | Noticed Grinder
  1742 | D:3      | Paralysed by Grinder for 4 turns
  1766 | D:3      | Killed Grinder
  1767 | D:3      | Reached skill level 6 in Axes
  1767 | D:3      | Reached XP level 5. HP: 26/47 MP: 4/4
  1767 | D:3      | Reached XP level 6. HP: 31/55 MP: 5/5
  1883 | D:3      | Noticed Natasha
  1890 | D:3      | Killed Natasha
  1891 | D:3      | Reached skill level 5 in Fighting
  1933 | D:3      | Noticed Natasha
  1940 | D:3      | Killed Natasha
  1941 | D:3      | Noticed Jessica
  1946 | D:3      | Killed Jessica
  1948 | D:3      | Noticed Robin
  1965 | D:3      | Killed Robin
  1983 | D:3      | Noticed Natasha
  1988 | D:3      | Killed Natasha
  2058 | D:3      | Found a runed translucent door.
  2059 | D:3      | Noticed Crazy Yiuf
  2073 | D:3      | You fall into a shaft and drop 1 floor!
  2099 | D:4      | Noticed Pikel
  2111 | D:4      | Killed Pikel
  2112 | D:4      | Reached skill level 7 in Axes
  2112 | D:4      | Reached skill level 5 in Armour
  2112 | D:4      | Reached XP level 7. HP: 8/63 MP: 6/6
  2194 | D:4      | Reached *** piety under Trog
  2299 | D:4      | Reached XP level 8. HP: 56/70 MP: 7/7
  2326 | D:4      | Found a glowing drain.
  2336 | Sewer    | Entered a sewer
  2379 | Sewer    | Reached skill level 8 in Axes
  2400 | Sewer    | Reached skill level 5 in Dodging
  2514 | Sewer    | Reached **** piety under Trog
  3178 | D:3      | Found a white marble altar of Elyvilon.
  3183 | D:3      | Found a sparkling altar of Nemelex Xobeh.
  3219 | D:3      | Killed Crazy Yiuf
  3685 | D:4      | Noticed Ijyb
  3693 | D:4      | Killed Ijyb
  3847 | D:4      | Found a shimmering altar of Xom.
  3943 | D:5      | Entered Level 5 of the Dungeon
  4149 | D:5      | Reached ***** piety under Trog
  4154 | D:5      | Reached skill level 9 in Axes
  4183 | D:5      | Found an iron altar of Okawaru.
  4445 | D:6      | Found a staircase to the Ecumenical Temple.
  4451 | D:6      | Noticed Dowan
  4452 | D:6      | Noticed Duvessa
  4459 | D:6      | Killed Duvessa
  4469 | D:6      | Killed Dowan
  4470 | D:6      | Reached XP level 9. HP: 79/79 MP: 8/8
  4512 | D:7      | Reached skill level 10 in Axes
  4731 | D:6      | Noticed Sigmund
  4746 | D:6      | Killed Sigmund
  4769 | D:6      | Reached skill level 11 in Axes
  4770 | D:6      | Noticed Edmund
  4785 | D:6      | Killed Edmund
  4976 | D:6      | Found a runed translucent door.
  4981 | D:6      | Found a runed translucent door.
  4995 | D:6      | Received a gift from Trog
  4999 | D:6      | Noticed Maggie
  5012 | D:6      | Killed Maggie
  5013 | D:6      | Reached XP level 10. HP: 90/90 MP: 9/9
  5529 | D:7      | Reached skill level 12 in Axes
  5571 | D:7      | Found an ancient bone altar of Kikubaaqudgha.
  5652 | D:7      | Found Xuegil's Assorted Antiques.
  5653 | D:7      | Found Zozuf's Magic Scroll Emporium.
  5658 | D:7      | Found Tistri's Jewellery Emporium.
  5663 | D:7      | Found Kisos's Distillery.
  5678 | D:7      | Bought 2 potions of heal wounds for 260 gold pieces
  5916 | D:8      | Found a shadowy altar of Dithmenos.
  6009 | D:8      | Found a shimmering blue altar of Sif Muna.
  6071 | D:8      | Paralysed by an orc for 5 turns
  6323 | D:8      | Noticed Grum
  6343 | D:8      | Reached skill level 13 in Axes
  6359 | D:8      | Killed Grum
  6360 | D:8      | Reached XP level 11. HP: 54/99 MP: 10/10
  6372 | D:8      | Found a staircase to the Lair.
  6456 | D:8      | Identified the +8 glaive "Zik Culehe" {holy, rN+ Will+
                  | rCorr Int+2}
  6510 | D:8      | Received a gift from Trog
  6704 | Lair:1   | Entered Level 1 of the Lair of Beasts
  6719 | Lair:1   | Reached skill level 10 in Fighting
  6864 | Lair:1   | Identified the +3 flail "Biryluhu" {flame, +Blink}
  7126 | Lair:1   | Noticed Nergalle
  7132 | Lair:1   | Killed Nergalle
  7592 | Lair:2   | Reached skill level 14 in Axes
  7592 | Lair:2   | Reached skill level 10 in Armour
  7669 | Lair:2   | Noticed a catoblepas
  7708 | Lair:2   | Killed a catoblepas
  7775 | Lair:2   | Found a burning altar of Makhleb.
  7832 | Lair:2   | Found a hole to the Spider Nest.
  7946 | Lair:2   | Noticed a seven-headed hydra
  7958 | Lair:2   | Killed a four-headed hydra
  8471 | Lair:3   | Reached skill level 15 in Axes
  8589 | Lair:3   | Noticed a death yak
  8589 | Lair:3   | Noticed a death yak
  8590 | Lair:3   | Noticed a death yak
  8595 | Lair:3   | Reached skill level 10 in Dodging
  8595 | Lair:3   | Reached XP level 12. HP: 110/110 MP: 3/11
  8596 | Lair:3   | Noticed a death yak
  8598 | Lair:3   | Noticed a death yak
  8601 | Lair:3   | Killed a death yak
  8609 | Lair:3   | Killed a death yak
  8610 | Lair:3   | Killed a death yak
  8611 | Lair:3   | Killed a death yak
  8612 | Lair:3   | Killed a death yak
  8761 | Lair:3   | Reached skill level 16 in Axes
  8823 | Lair:3   | Found a staircase to the Shoals.
  9565 | Lair:4   | Found a frozen archway.
  9565 | Lair:4   | Noticed Rupert
  9573 | Lair:4   | Killed Rupert
  9573 | Lair:4   | Received a gift from Trog
  9595 | IceCv    | Entered an ice cave
  9836 | IceCv    | Reached XP level 13. HP: 80/119 MP: 4/12
  9881 | IceCv    | Noticed a reaper
  9896 | IceCv    | Killed a reaper
  9897 | IceCv    | Reached skill level 17 in Axes
 10188 | IceCv    | Found the +8 frozen axe "Frostbite" {freeze, freezing
                  | cloud, *Noise Fly rC+}
 10384 | Lair:4   | Noticed Kirke
 10399 | Lair:4   | Killed Kirke
 10628 | Lair:4   | Found a runed translucent door.
 10628 | Lair:4   | Found a viscous altar of Jiyva.
 10642 | Lair:4   | Found a staircase to the Slime Pits.
 10998 | Lair:5   | Entered Level 5 of the Lair of Beasts
 11019 | Lair:5   | Reached skill level 18 in Axes
 11229 | Lair:5   | Received a gift from Trog
 11233 | Lair:5   | Noticed Snorg
 11240 | Lair:5   | Killed Snorg
 11270 | Lair:5   | Noticed Nessos
 11278 | Lair:5   | Reached XP level 14. HP: 100/129 MP: 13/13
 11435 | Lair:5   | Found a runed translucent door.
 11814 | Lair:5   | Killed Nessos
 12101 | Lair:5   | Reached skill level 19 in Axes
 12585 | D:9      | Found a broken altar of Ashenzari.
 12623 | D:9      | Identified a scroll of acquirement
 12623 | D:9      | Acquired 947 gold pieces
 13162 | D:10     | Entered Level 10 of the Dungeon
 13361 | D:10     | Found Gecua's Assorted Antiques.
 13377 | D:10     | Found an opulent altar of Gozag.
 13630 | D:10     | Identified the +6 halberd "Mysheu" {heavy, rElec rN+ Dex-5}
                  | (Trog gifted it to you on level 10 of the Dungeon)
 13630 | D:10     | Received a gift from Trog
 13657 | D:10     | Reached skill level 20 in Axes
 15133 | D:12     | Found a staircase to the Orcish Mines.
 15972 | D:13     | Found a transporter.
 16035 | D:13     | Found a transporter.
 16051 | D:13     | Found a transporter.
 16068 | D:13     | Found a transporter.
 16261 | D:13     | Reached skill level 21 in Axes
 16527 | D:14     | Found Izeic's Antique Armour Shoppe.
 16535 | D:14     | Bought a pair of embroidered gloves for 195 gold pieces
 16540 | D:14     | Bought a shiny plate armour for 676 gold pieces
 16607 | D:14     | Noticed Azrael
 16622 | D:14     | Killed Azrael
 16622 | D:14     | Received a gift from Trog
 16934 | D:14     | Reached XP level 15. HP: 138/138 MP: 2/14
 16969 | D:14     | Reached skill level 22 in Axes
 17086 | D:14     | Found a gate to the Vaults.
 18338 | D:14     | Reached skill level 23 in Axes
 18386 | D:14     | Noticed a sphinx
 18391 | D:14     | Paralysed by a sphinx for 4 turns
 18401 | D:14     | Killed a sphinx
 18498 | D:14     | Noticed a frost giant
 18499 | D:14     | Noticed a tengu reaver
 18505 | D:14     | Killed a frost giant
 18509 | D:14     | Killed a tengu reaver
 18852 | Orc:1    | Entered Level 1 of the Orcish Mines
 18948 | Orc:1    | Noticed Josephine
 18955 | Orc:1    | Killed Josephine
 19206 | Orc:2    | Entered Level 2 of the Orcish Mines
 19208 | Orc:2    | Found the +10 zealot's sword {holy, *Rage rN+ EV+3}
 19209 | Orc:2    | Noticed bmack86's ghost (journeyman MiFi)
 19542 | Orc:2    | Received a gift from Trog
 19630 | Orc:2    | Found a staircase to the Elven Halls.
 19728 | Orc:2    | Found a runed translucent gate.
 19731 | Orc:2    | Found a runed translucent gate.
 19732 | Orc:2    | Found a runed translucent gate.
 19976 | Orc:2    | Reached skill level 24 in Axes
 20021 | Orc:2    | Reached skill level 1 in Evocations
 20031 | Orc:2    | Found Puhoumukoi's Antique Weapon Emporium.
 20031 | Orc:2    | Found Futiut's Weapon Boutique.
 20033 | Orc:2    | Found Yfirch's Weapon Emporium.
 20033 | Orc:2    | Found Aminwur's Antique Armour Boutique.
 20715 | Orc:2    | Killed bmack86's ghost
 21084 | Spider:1 | Entered Level 1 of the Spider Nest
 21088 | Spider:1 | Noticed Jorgrun
 21092 | Spider:1 | Received a gift from Trog
 21098 | Spider:1 | Killed Jorgrun
 21169 | Spider:1 | Reached XP level 16. HP: 147/147 MP: 1/15
 21569 | Spider:1 | Noticed Donald
 21578 | Spider:1 | Killed Donald
 21828 | Spider:1 | Identified the +3 lajatang of Crawling {flame, rC+ Str+6}
 21994 | Spider:1 | Reached skill level 1 in Shields
 22283 | Spider:1 | Noticed Nikola
 22291 | Spider:1 | Killed Nikola
 22981 | Spider:2 | Reached skill level 15 in Fighting
 23167 | Spider:2 | Received a gift from Trog
 23711 | Spider:2 | Noticed Arachne
 23741 | Spider:2 | Killed Arachne
 23742 | Spider:2 | Reached skill level 15 in Armour
 24309 | Spider:3 | Noticed Asterion
 24499 | Spider:3 | Identified the ring "Soxt" {*Corrode rPois rN+ Str+8 SInv}
 24645 | Spider:3 | Reached skill level 5 in Evocations
 24664 | Spider:3 | HP: 5/223 [demonic crawler (13)]
 24664 | Spider:3 | Demolished by Asterion

Illustrated notes

Levels and vault maps discovered:
D:1:      erik_arrival_blinker_ship, layout_loops_corners, serial_shops,
          nicolae_shop_bloodbath_and_beyond
D:2:      layout_basic, shapermc_ecumenical_altar_totnotflames
D:3:      layout_rooms, jmf_multi_god_temple2, uniq_crazy_yiuf_cottage,
          uniq_robin, uniq_natasha, uniq_grinder, uniq_jessica
D:4:      kennysheep_goblin_castle, layout_rooms, lemuel_coloured_pillars_altar,
          gup_sewer_entry_bubbles, minmay_fire_ice_demons, uniq_pikel
D:5:      layout_cave_pools, overflow_temple_1_default
D:6:      lemuel_insect_pit, layout_loops_ring, minmay_temple_entry_oklob,
          uniq_maggie, uniq_duvessa, uniq_sigmund, uniq_edmund
D:7:      layout_cave_pools, nicolae_kikubaaqudgha_miasma_corner,
          minmay_shop_grid_forest, st_stairs_14
D:8:      layout_loops_ring, mainiacjoe_overflow_catch_the_wave,
          minmay_lair_entry_grove, hangedman_decor_peaks_small,
          minmay_mini_ossuary, uniq_grum
D:9:      layout_irregular_city, overflow_temple_1_default
D:10:     minmay_the_grid_plus_closed [minmay_the_grid_doors,
          minmay_the_grid_outer_circle, minmay_the_grid_large_cup,
          minmay_the_grid_all_tris, minmay_the_grid_prize_big_room],
          layout_basic, nicolae_gozag_seed_capital, serial_shops, shop,
          kennysheep_opposing_triangles
D:11:     layout_roguey
D:12:     layout_roguey, david_orc_2, serial_bayou, serial_bayou_pond_e,
          serial_bayou_pond_c, serial_bayou_pond_e, serial_bayou_shore_a,
          special_room [special_room_bee]
D:13:     layout_irregular_city, nicolae_transporter_intersection
D:14:     kennysheep_large_spiral, layout_layer_cave,
          lightli_vaults_fourway_checkpoint, special_room
          [special_room_mythical_zoo], serial_shops, nicolae_square_shop,
          kennysheep_another_room, uniq_azrael
Lair:1:   layout_regular_city, serial_bayou_shore_b, uniq_nergalle
Lair:2:   layout_cave_shapes, dummy_spider_entry, lemuel_centaur_altar,
          grunt_megastairs_1
Lair:3:   layout_regular_city, minmay_shoals_entry_beasts, grunt_megastairs_3
Lair:4:   layout_gridlike, slime_entry_2, portal_ice_cave_entry_ice_simulacra,
          wad_woods_02, uniq_rupert, uniq_kirke
Lair:5:   wormcave, layout_hall_layers, guppyfry_lair_end_dragon, st_stairs_11,
          uniq_nessos, uniq_snorg
Spider:1: layout_spider_delve, uniq_donald, uniq_jorgrun, uniq_nikola
Spider:2: layout_spider_delve, nicolae_spider_bug_shape, uniq_arachne
Spider:3: layout_spider_delve, special_room, uniq_asterion
Orc:1:    layout_caves, uniq_josephine
Orc:2:    grunt_orc_tribal_feast, layout_caves, maelrawn_ghost_gauntlet_escape

Skill      XL: |  1  2  3  4  5  6  7  8  9 10 11 12 13 14 15 16 |
---------------+-------------------------------------------------+-----
Axes           | 4 6 7 9 11 13 15 16 18 21 24 | 24.0
Fighting       | 4 6 7 8 9 11 12 13 14 15 | 15.5
Armour         | 3 4 5 6 8 9 10 12 13 14 15 | 15.2
Dodging        | 3 4 6 7 8 10 11 12 13 14 | 14.1
Evocations     | 2 5 |  5.2
Shields        | 4 |  4.9

Action                   |  1- 3 |  4- 6 |  7- 9 | 10-12 | 13-15 | 16-18 || total
-------------------------+-------+-------+-------+-------+-------+-------++-------
Melee: Hand axe          |    82 |    70 |       |       |       |       ||   152
       Headbutt          |    15 |    15 |    50 |    76 |   153 |    61 ||   370
       War axe           |       |    12 |   288 |   151 |       |       ||   451
       Punch             |       |     1 |     4 |     2 |       |       ||     7
       Battleaxe         |       |       |    87 |       |       |       ||    87
       Executioner's axe |       |       |       |   229 |   706 |    68 ||  1003
       Unarmed           |       |       |       |       |     3 |       ||     3
       Broad axe         |       |       |       |       |       |   178 ||   178
Invok: Berserk           |       |     3 |     6 |     4 |     2 |     3 ||    18
       Trog's Hand       |       |     2 |     4 |     1 |     8 |       ||    15
       Brothers in Arms  |       |       |       |     3 |     8 |     3 ||    14
Evoke: Wand              |       |       |       |       |       |     1 ||     1
  Use: Scroll            |     1 |     1 |     7 |    14 |     8 |       ||    31
       Potion            |       |       |     1 |     4 |     7 |       ||    12
 Stab: Petrifying        |       |       |       |       |     1 |       ||     1
       Distracted        |       |       |       |       |       |     1 ||     1
Armor: Animal skin       |     2 |       |       |       |       |       ||     2
       Ring mail         |    28 |    32 |    55 |       |       |       ||   115
       Chain mail        |       |       |   155 |   233 |    19 |    21 ||   428
       Plate armour      |       |       |       |       |   408 |       ||   408
       Crystal plate arm |       |       |       |       |       |   164 ||   164
Dodge: Dodged            |    59 |    52 |   230 |   329 |   532 |   155 ||  1357
Block: Kite shield       |       |       |       |       |       |   111 ||   111
       Reflection        |       |       |       |       |       |     2 ||     2

Table legend: (Time is in decaauts)
 A = Elapsed time spent in this place.
 B = Non-inter-level travel time spent in this place.
 C = Inter-level travel time spent in this place.
 D = Time resting spent in this place.
 E = Time spent auto-exploring this place.
 F = Levels seen in this place.
 G = Mean time per level.
                   A        B        C        D        E       F      G
               +--------+--------+--------+--------+--------+-----+--------+
         Total |  24956 |  23863 |   1093 |      0 |  18574 |  26 |  959.8 |
       Dungeon |  12866 |  12227 |    639 |      0 |   9512 |  14 |  919.0 |
          Lair |   5201 |   4916 |    285 |      0 |   3710 |   5 | 1040.2 |
   Spider Nest |   3557 |   3493 |     64 |      0 |   2980 |   3 | 1185.7 |
  Orcish Mines |   2016 |   1912 |    104 |      0 |   1575 |   2 | 1008.0 |
         Sewer |    603 |    603 |      0 |      0 |    344 |   1 |  603.0 |
      Ice Cave |    710 |    710 |      0 |      0 |    451 |   1 |  710.0 |
               +--------+--------+--------+--------+--------+-----+--------+

Top non-repeatable levels by time:
    D:14: 2392 daAuts
Spider:2: 1905 daAuts
   Orc:2: 1500 daAuts
Spider:1: 1439 daAuts
  Lair:5: 1343 daAuts
    D:10: 1189 daAuts
  Lair:2: 1089 daAuts
     D:4: 1044 daAuts
  Lair:3: 970 daAuts
  Lair:4: 934 daAuts
     D:6: 886 daAuts
     D:1: 881 daAuts
  Lair:1: 864 daAuts
     D:8: 861 daAuts
     D:3: 835 daAuts
